 Dungeon Crawl Stone Soup version 0.29.1-2-gbd0b4ee654 (webtiles) character file.

Game seed: 9885913151023530110

72 Descartes the Sneak (level 4, 0/21 HPs)
             Began as a Spriggan Enchanter on Oct 31, 2022.
             Slain by an orc wizard
             ... wielding a +0 dagger
              (3 damage)
             ... on level 3 of the Dungeon.
             The game lasted 00:06:10 (4572 turns).

Descartes the Sneak (Spriggan Enchanter)            Turns: 4572, Time: 00:06:10

Health: 0/21       AC:  2    Str:  6    XL:     4   Next: 6%
Magic:  9/9        EV: 18    Int: 16    God:
Gold:   138        SH:  0    Dex: 15    Spells: 9/9 levels left

rFire   . . .      SeeInvis +   a - +1 dagger
rCold   . . .      Faith    .   (no shield)
rNeg    . . .      Spirit   .   b - +0 robe
rPois   .          Reflect  .   (helmet restricted)
rElec   .          Harm     .   (no cloak)
rCorr   .          Rampage  .   (gloves unavailable)
Will    .....                   (boots unavailable)
Stlth   +.........              (no amulet)
HPRegen 0.07/turn               (no ring)
MPRegen 0.11/turn               (no ring)

@: confused, very quick
A: very small, no large weapons, unfitting armour, see invisible, speed 3
a: no special abilities


You were on level 3 of the Dungeon.
You visited 1 branch of the dungeon, and saw 4 of its levels.

You collected 138 gold pieces.

Inventory:

Hand Weapons
 a - a +1 dagger (weapon)
Armour
 b - a +0 robe (worn)
Jewellery
 m - a ring of protection from fire
Wands
 q - a wand of flame (13)
Scrolls
 d - 2 scrolls of identify {unknown}
 e - a scroll of brand weapon {unknown}
 f - a scroll of magic mapping {unknown}
 g - 2 scrolls of torment {unknown}
 h - a scroll of enchant weapon {unknown}
 i - a scroll of poison {unknown}
 k - a scroll of enchant armour {unknown}
 l - a scroll of summoning {unknown}
 s - a scroll of immolation {unknown}
Potions
 c - 2 potions of invisibility
 j - a potion of resistance {unknown}
 n - a potion of brilliance {unknown}
 o - a potion of attraction {unknown}
 p - a potion of degeneration {unknown}
 r - a potion of haste {unknown}


   Skills:
 + Level 2.0 Short Blades
 + Level 3.4 Dodging
 + Level 5.2 Stealth
 + Level 3.3 Spellcasting
 + Level 4.0 Hexes
 + Level 1.8 Translocations


You had 9 spell levels left.
You didn't know any spells.
Your spell library contained the following spells:

 Spells                   Type           Power      Damage    Failure   Level
 Confusing Touch          Hex            15%        N/A       11%         3
 Tukima's Dance           Hex            15%        N/A       11%         3
 Ensorcelled Hibernation  Hex/Ice        18%        N/A       12%         2
 Portal Projectile        Hex/Tloc       24%        N/A       16%         3
 Dazzling Flash           Conj/Hex       18%        N/A       24%         3
 Call Canine Familiar     Summ           2%         N/A       50%         3
 Leda's Liquefaction      Hex/Erth       4%         N/A       61%         4
 Blade Hands              Tmut           1%         N/A       99%         5


Dungeon Overview and Level Annotations

Branches:
Dungeon (4/15)
 Temple: D:4-7

Altars:

Shops:
D:3 [

Annotations:
D:3 Terence


Innate Abilities, Weirdness & Mutations

You are very small and have problems with some larger weapons.
You are too small for most types of armour.
You have supernaturally acute eyesight. (SInv)
You cover ground extremely quickly. (Speed+++)


Message History

The orc wizard hits you but does no damage.
You hit the orc wizard.
The orc wizard is moderately wounded.
The orc wizard misses you.
You closely miss the orc wizard.
The orc wizard is moderately wounded.
The orc wizard hits you but does no damage.
You hit the orc wizard but do no damage.
The orc wizard is moderately wounded.
The orc wizard hits you but does no damage.
You barely miss the orc wizard.
The orc wizard is moderately wounded.
The orc wizard hits you with a +0 dagger.
* * * LOW HITPOINT WARNING * * *
You hit the orc wizard.
The orc wizard is heavily wounded.
The orc wizard hits you but does no damage.
You hit the orc wizard but do no damage.
The orc wizard is heavily wounded.
The orc wizard completely misses you.
You hit the orc wizard but do no damage.
The orc wizard is heavily wounded.
You closely miss the orc wizard.
The orc wizard is heavily wounded.
The orc wizard misses you.
You closely miss the orc wizard.
The orc wizard is heavily wounded.
The orc wizard points at you and mumbles some strange words.
You are confused.
You hit the orc wizard.
The orc wizard is severely wounded.
The orc wizard hits you with a +0 dagger.
* * * LOW HITPOINT WARNING * * *
The orc wizard casts a spell at you.
You are more confused.
The orc wizard closely misses you.
You hit the orc wizard but do no damage.
The orc wizard is severely wounded.
The orc wizard hits you with a +0 dagger.
You die...

...#..## ##.##.#
.#.###.## ##.#...#
##.####.###.##.###
##.#.....#(###.#
.#.#......## #.#
[........## ######
...#.....# ##...##
...#.....#####⌠.o)⌠##
...########.#...@...#
......# #.'...⌠.>.#
......#####.#.......#
...##.......##⌠.>.⌠##
##.......#..###.[.##
#####.##.#....#####
......##......#
......####.####
#####.####.#


You could see an orc wizard.

Vanquished Creatures
  A gnoll (D:1)
  An adder (D:2)
  An orc (D:3)
  4 endoplasms
  A giant cockroach (D:3)
  3 goblins
  3 hobgoblins
  4 jackals (D:1)
  4 kobolds (D:1)
  4 quokkas
  4 ball pythons (D:1)
  7 bats
  4 frilled lizards
  4 rats (D:1)
45 creatures vanquished.

Notes
Turn   | Place    | Note
-------+----------+-------------------------------------------
     0 | D:1      | Descartes the Spriggan Enchanter began the quest for the
                  | Orb.
     0 | D:1      | Reached XP level 1. HP: 9/9 MP: 5/5
   409 | D:1      | Reached XP level 2. HP: 11/13 MP: 6/6
   536 | D:1      | Reached skill level 1 in Translocations
  1357 | D:1      | Reached XP level 3. HP: 8/16 MP: 8/8
  1654 | D:1      | Reached skill level 5 in Stealth
  3461 | D:3      | Noticed Terence
  3474 | D:3      | Found a faded altar of an unknown god.
  3714 | D:3      | Found Lanod's Antique Armour Boutique.
  3760 | D:3      | Reached XP level 4. HP: 16/21 MP: 9/9
  4368 | D:4      | Identified the +1 ring mail of the Dungeon {rElec rN+
                  | Regen+ Int-2}
  4572 | D:3      | Slain by an orc wizard

Illustrated notes

Levels and vault maps discovered:
D:1:      beargit_arrival_greenhouse, layout_basic, due_unseen_surprise
D:2:      layout_basic, chequers_jeans
D:3:      layout_loops_cross, basic_ecumenical_altar, serial_shops, shop,
          grunt_ministairs_7, grunt_decor_resistance,
          hangedman_abyss_or_decor_stabs, uniq_terence
D:4:      minmay_spotlight, layout_cave_pods

Skill      XL: |  1  2  3  4 |
---------------+-------------+-----
Dodging        | 3 |  3.4
Translocations | 1 |  1.8
Spellcasting   | 3 |  3.3
Stealth        | 5 |  5.2
Hexes          | 4 |  4.0
Short Blades   | 2 |  2.0

Action                   |  1- 3 |  4- 6 || total
-------------------------+-------+-------++-------
Melee: Dagger            |   157 |    38 ||   195
       Punch             |     1 |       ||     1
Evoke: Wand              |       |     3 ||     3
 Stab: Sleeping          |    13 |       ||    13
Armor: Robe              |    22 |     4 ||    26
Dodge: Dodged            |   132 |    24 ||   156
